 Dungeon Sprint DCSS version 0.29-a0-194-g6e3aafee17 (webtiles) character file.

Game seed: 964671108294242624

16084 Zeldest the Grappler (level 12, -14/131 HPs)
             Began as a Troll Fighter on Feb 23, 2022.
             Was the Champion of Cheibriados.
             Shot with an arrow by a deep elf master archer (43 damage)
             ... in the Dungeon (Sprint V: "Ziggurat Sprint").
             The game lasted 00:11:16 (335 turns).

Zeldest the Grappler (Troll Fighter)                 Turns: 335, Time: 00:11:16

Health: -14/131    AC: 23    Str: 45    XL:     12   Next: 6%
Magic:  21/21      EV: 14    Int: 27    God:    Cheibriados [******]
Gold:   0          SH: 18    Dex: 24    Spells: 8/13 levels left

rFire   + + .      SeeInvis .     - Unarmed
rCold   + + .      Faith    .   b - +0 kite shield
rNeg    . . .      Spirit   .   j - +5 gold dragon scales
rPois   +          Reflect  +   (helmet restricted)
rElec   .          Harm     .   H - +1 cloak {rCorr}
rCorr   +          Rampage  .   (gloves unavailable)
Will    .....      Rage     3%  (boots unavailable)
Stlth   .......... NoTele   +   J - amulet of reflection
HPRegen 1.11/turn               f - ring of Tinyafun {rF+ rC+ EV+4 Int+4}
MPRegen 0.17/turn               I - ring "Wila" {EV+4 Str+3}

@: studying Stealth, very slow
A: large, unfitting armour, claws 3, regeneration 1, shaggy fur 1, tough skin 1,
antennae 1, talons 1, berserk 2, deterioration 1, subdued magic 1
a: Renounce Religion, Bend Time, Temporal Distortion, Slouch, Step From Time


You were in the Dungeon.
You worshipped Cheibriados.
Cheibriados was exalted by your worship.
You visited 1 branch

Inventory:

Armour
 a - a +0 robe
 b - a +0 kite shield (worn)
 j - +5 gold dragon scales (worn)
 H - a +1 cloak of preservation (worn)
Jewellery
 f - the ring of Tinyafun (left claw) {rF+ rC+ EV+4 Int+4}
   (You found it in the Dungeon)

   [ring of evasion]

   EV:        It affects your evasion (+4).
   Int:       It affects your intelligence (+4).
   rF:        It protects you from fire.
   rC:        It protects you from cold.
 s - a +6 ring of strength
 w - a ring of flight
 x - a +6 ring of dexterity
 y - a +6 ring of dexterity
 z - a +6 ring of intelligence
 A - a +6 ring of intelligence
 B - a +6 ring of strength
 C - a +6 ring of strength
 I - the ring "Wila" (right claw) {EV+4 Str+3}
   (You found it in the Dungeon)

   [ring of evasion]

   EV:        It affects your evasion (+4).
   Str:       It affects your strength (+3).
 J - an amulet of reflection (around neck)
Wands
 t - a wand of mindburst (7)
 u - a wand of iceblast (3)
 v - a wand of acid (2)
Scrolls
 i - 4 scrolls of blinking
 k - 4 scrolls of amnesia
 l - 7 scrolls of fog
 m - a scroll of holy word
 n - 5 scrolls of identify
 o - 2 scrolls of fear
Potions
 c - 5 potions of might
 d - 7 potions of curing
 e - 6 potions of heal wounds
 g - 5 potions of magic
 h - 3 potions of berserk rage
 p - 2 potions of brilliance
 q - a potion of invisibility
 r - 3 potions of resistance
Miscellaneous
 D - a lightning rod (4/4)
 E - a phantom mirror
 F - a phial of floods (inert)
 G - a tin of tremorstones (1/2)


   Skills:
 - Level 11.7 Fighting
 - Level 4.9 Armour
 - Level 2.4 Dodging
 - Level 10.6 Shields
 - Level 14.6 Unarmed Combat
 + Level 1.2 Spellcasting
 * Level 4.6 Transmutations
 * Level 5.6 Earth Magic
 + Level 13.5 Invocations
 - Level 8.7 Evocations


You had 8 spell levels left.
You knew the following spells:

 Your Spells              Type           Power      Damage    Failure   Level
a - Blade Hands           Tmut           10%        N/A       100%        5

Your spell library contained the following spells:

 Spells                   Type           Power      Damage    Failure   Level
 Stone Arrow              Conj/Erth      26%        3d8       91%         3
 Apportation              Tloc           2%         N/A       92%         1
 Magic Dart               Conj           4%         1d3       92%         1
 Call Imp                 Summ           1%         N/A       98%         2
 Corpse Rot               Necr/Air       2%         N/A       98%         2
 Lee's Rapid Deconstruct  Erth           12%        3d9*      99%         5
 Call Canine Familiar     Summ           1%         N/A       100%        3
 Gell's Gravitas          Tloc           1%         N/A       100%        3
 Mephitic Cloud           Conj/Pois/Air  1%         N/A       100%        3
 Portal Projectile        Hex/Tloc       2%         N/A       100%        3
 Summon Guardian Golem    Hex/Summ       1%         N/A       100%        3
 Swiftness                Air            1%         N/A       100%        3
 Teleport Other           Tloc           1%         N/A       100%        3
 Animate Armour           Summ/Erth      26%        N/A       100%        4
 Leda's Liquefaction      Hex/Erth       6%         N/A       100%        4
 Passage of Golubria      Tloc           1%         N/A       100%        4
 Summon Ice Beast         Ice/Summ       1%         N/A       100%        4
 Alistair's Intoxication  Tmut/Pois      7%         N/A       100%        5
 Borgnjor's Vile Clutch   Necr/Erth      6%         N/A       100%        5
 Excruciating Wounds      Necr           0%         N/A       100%        5
 Manifold Assault         Tloc           1%         N/A       100%        5
 Silence                  Hex/Air        0%         N/A       100%        5
 Summon Forest            Summ/Tloc      0%         N/A       100%        5
 Summon Mana Viper        Hex/Summ       1%         N/A       100%        5
 Dispersal                Tloc           0%         N/A       100%        6
 Eringya's Noxious Bog    Tmut/Pois      5%         N/A       100%        6
 Statue Form              Tmut/Erth      14%        N/A       100%        6
 Summon Hydra             Summ           0%         N/A       100%        7
 Lehudib's Crystal Spear  Conj/Erth      6%         10d3      100%        8
 Summon Horrible Things   Summ           0%         N/A       100%        8


Dungeon Overview and Level Annotations

Branches:
Dungeon (1/1)

Altars:
Ashenzari
Cheibriados
Dithmenos
Elyvilon
Fedhas
Gozag
Hepliaklqana
Kikubaaqudgha
Makhleb
Nemelex Xobeh
Okawaru
Qazlal
Ru
Sif Muna
Trog
Uskayaw
Vehumet
Wu Jian
Xom
Yredelemnul
Zin
The Shining One
Beogh
Jiyva
Lugonu


Innate Abilities, Weirdness & Mutations

You are too large for most types of armour.
You have claws for hands.
Your natural rate of healing is unusually fast.
You are covered in fur. (AC +1)
You have tough skin. (AC +1)
You have a pair of small antennae on your head.
You have sharp toenails.
You often lose your temper in combat.
Your body sometimes deteriorates upon taking damage.
Your spells are a little easier to cast, but a little less powerful.


Message History

You see here a +1 falchion of pain.
You see here a +6 ring of intelligence.
You see here a +0 scythe of freezing.
f - the ring of Tinyafun {rF+ rC+ EV+4 Int+4} You're wearing all the rings you can.
Remove which one? (? for menu, Esc to cancel) < or
z - a +6 ring of intelligence; > or
I - the ring "Wila" {EV+4 Str+3} You remove your +6 ring of intelligence.
You feel stupid.
You feel clever.
f - the ring of Tinyafun (left claw) {rF+ rC+ EV+4 Int+4}
Okay, then.
You see here a +0 scythe of freezing.
You see here a +6 ring of intelligence.
There is a transporter here.
Welcome to arena 13.
You enter the transporter and appear at another place.
A deep elf master archer, a centaur warrior, 2 yaktaurs and a yaktaur captain come into view.
Found five items.
The yaktaur shouts! x2; The yaktaur captain shouts!
You hear a shout!
The centaur warrior wields a +0 shortbow.
The centaur warrior shoots an arrow.
The arrow barely misses you.
A centaur comes into view.
The yaktaur captain wields a +0 arbalest.
The yaktaur captain shoots a bolt.
The bolt hits you!!
The yaktaur wields a +0 arbalest.
The yaktaur shoots a bolt.
The bolt hits you!!
The yaktaur wields a +0 arbalest.
The yaktaur shoots a bolt.
You reflect the bolt off an invisible shield around you!
The bolt barely misses the yaktaur.
The deep elf master archer wields a +0 longbow.
The deep elf master archer shoots an arrow.
The arrow closely misses you.
The centaur wields a +0 shortbow.
The centaur shoots an arrow.
The arrow hits you.
* * * LOW HITPOINT WARNING * * *
The centaur warrior shoots an arrow.
The arrow hits you!
* * * LOW HITPOINT WARNING * * *
The deep elf master archer shoots an arrow.
The arrow hits you!!!
You die...

▓▓▓▓▓▓▓▓▓▓▓
▓..cecccc...▓...8©8...▓
▓...........▓..[.})...▓
▓...........▓...[))...▓
▓...........▓.........▓
▓...........▓.........▓
..▓.....▓..▓.........▓
▓.▓...▓.▓ ▓.........▓
▓..▓..@..▓..▓.▓.....▓.▓
▓.....©.....▓....©....▓
▓▓▓▓▓▓▓▓▓▓▓▓▓▓▓▓▓▓▓▓▓▓▓
▓...8©8...▓...8©8...▓..
▓..!))=)..▓...}.[...▓..
▓..!)}))..▓..)[})[..▓..
▓.........▓.........▓..
▓.........▓.........▓..
▓.........▓.....|...▓..


You could see a yaktaur captain, a deep elf master archer, a centaur warrior, 2
yaktaurs and a centaur.

Vanquished Creatures
  A draconian stormcaller (D)
  A draconian scorcher (D)
  2 ironbound preservers (D)
  A mummy priest (D)
  A vampire mage (D)
  2 spriggan berserkers (D)
  A thrashing horror (D)
  A deep elf knight (D)
  2 deep elf archers (D)
  An ironbound convoker (D)
  2 deep elf pyromancers (D)
  3 deep elf zephyrmancers (D)
  3 shining eyes (D)
  An eye of devastation (D)
  A cane toad (D)
  3 merfolk (D)
  A troll (shapeshifter) (D)
  A guardian mummy (D)
  A polar bear (D)
  3 wind drakes (D)
  2 large abominations (D)
  2 slime creatures (D)
  2 air elementals (D)
  2 flying skulls (D)
  A basilisk (D)
  3 golden eyes (D)
  A floating eye (D)
  A necrophage (D)
  A boggart (D)
  A wolf (D)
  3 centaurs (D)
  An earth elemental (D)
  A wight (D)
  A crimson imp (D)
  A quasit (D)
  5 jellies (D)
  An iguana (D)
  2 iron imps (D)
  7 mummies (D)
  A river rat (D)
  2 white imps (D)
  An ufetubus (D)
  An adder simulacrum (D)
  3 endoplasms (D)
  A ball python simulacrum (D)
  A ball python skeleton (D)
  A bat simulacrum (D)
81 creatures vanquished.

Notes
Turn   | Place    | Note
-------+----------+-------------------------------------------
     0 | D        | Zeldest the Troll Fighter began the quest for the Orb.
     0 | D        | Reached XP level 1. HP: 22/22 MP: 0/0
    12 | D        | Found a blossoming altar of Fedhas.
    12 | D        | Found the +6 Majin-Bo {vamp, MP+6 Int+6}
    12 | D        | Found the +9 heavy crossbow "Sniper" {vorpal, Acc+∞ SInv}
    12 | D        | Found the +10 dark maul {vorpal}
    12 | D        | Found the +15 Maxwell's patent armour {-Cast -Tele rElec
                  | Will+ rCorr}
    12 | D        | Found the +18 shield of the Gong {rElec rN+ Will+ EV-5}
    12 | D        | Found the +14 obsidian axe {vorpal, Mesm Drain Fly SInv}
    12 | D        | Found the +7 great mace "Firestarter" {inner flame, rF++}
    12 | D        | Found the +6 shillelagh "Devastator" {shatter}
    12 | D        | Found the +11 plutonium sword {Contam Stlth-}
    12 | D        | Found the +8 lance "Wyrmbane" {slay drac, rPois rF+ rC+
                  | AC+3}
    12 | D        | Found the +9 sword of Zonguldrok {reap}
    12 | D        | Found the +13 scythe of Curses {drain, Drain}
    12 | D        | Found the +5 sword of Power {vorpal}
    12 | D        | Found the +7 mace of Variability {chain chaos}
    12 | D        | Found the +7 Singing Sword {vorpal, sonic wave}
    12 | D        | Found the +8 storm bow {elec, penet}
    13 | D        | Found a viscous altar of Jiyva.
    13 | D        | Found a hazy altar of Hepliaklqana.
    13 | D        | Found a transporter.
    13 | D        | Found an opulent altar of Gozag.
    13 | D        | Found an ancient bone altar of Kikubaaqudgha.
    13 | D        | Found a corrupted altar of Lugonu.
    15 | D        | Found a burning altar of Makhleb.
    16 | D        | Found a sacrificial altar of Ru.
    16 | D        | Found a shimmering blue altar of Sif Muna.
    16 | D        | Found a stormy altar of Qazlal.
    16 | D        | Found a bloodstained altar of Trog.
    16 | D        | Found an iron altar of Okawaru.
    16 | D        | Found a sparkling altar of Nemelex Xobeh.
    41 | D        | Became a worshipper of Cheibriados the Contemplative
    46 | D        | Reached skill level 4 in Unarmed Combat
    46 | D        | Reached XP level 2. HP: 29/29 MP: 0/3
    50 | D        | Entered arena 2.
    50 | D        | Noticed a necrophage
    50 | D        | Found a transporter.
    52 | D        | Killed a necrophage
    53 | D        | Reached skill level 5 in Unarmed Combat
    53 | D        | Reached XP level 3. HP: 39/39 MP: 0/5
    53 | D        | Reached XP level 4. HP: 48/48 MP: 0/6
    59 | D        | Entered arena 3.
    59 | D        | Noticed a deep elf pyromancer
    59 | D        | Noticed a deep elf pyromancer
    59 | D        | Noticed a deep elf zephyrmancer
    59 | D        | Found a transporter.
    62 | D        | Killed a deep elf zephyrmancer
    62 | D        | Reached * piety under Cheibriados
    62 | D        | Killed a deep elf pyromancer
    63 | D        | Reached skill level 9 in Unarmed Combat
    63 | D        | Reached XP level 5. HP: 34/62 MP: 1/10
    63 | D        | Reached XP level 6. HP: 39/71 MP: 1/11
    63 | D        | Reached XP level 7. HP: 43/78 MP: 1/12
    63 | D        | Killed a deep elf pyromancer
    64 | D        | Reached skill level 10 in Unarmed Combat
    64 | D        | Reached XP level 8. HP: 50/88 MP: 1/13
    74 | D        | Entered arena 4.
    74 | D        | Found a transporter.
    75 | D        | Reached ** piety under Cheibriados
    77 | D        | Reached *** piety under Cheibriados
    84 | D        | Got Wedgh's Tome of Twisted Execration
    91 | D        | Entered arena 5.
    91 | D        | Found a transporter.
    93 | D        | Reached **** piety under Cheibriados
   101 | D        | Entered arena 6.
   101 | D        | Noticed an ironbound preserver
   101 | D        | Noticed a slime creature
   101 | D        | Noticed an ironbound convoker
   101 | D        | Noticed an ironbound preserver
   101 | D        | Found a transporter.
   105 | D        | Noticed a spriggan berserker
   105 | D        | Noticed a vampire mage
   105 | D        | Noticed a troll
   106 | D        | Noticed a white draconian stormcaller
   106 | D        | Noticed a red draconian scorcher
   106 | D        | Noticed a spriggan berserker
   107 | D        | Noticed an elephant
   107 | D        | Noticed an elephant
   108 | D        | Noticed a flayed ghost
   109 | D        | Noticed a death yak
   110 | D        | Noticed a death yak
   112 | D        | Killed an ironbound preserver
   113 | D        | Reached XP level 9. HP: 70/97 MP: 5/15
   113 | D        | Killed a spriggan berserker
   113 | D        | Reached ***** piety under Cheibriados
   113 | D        | Killed a spriggan berserker
   114 | D        | Reached skill level 11 in Unarmed Combat
   114 | D        | Reached skill level 10 in Invocations
   114 | D        | Reached skill level 5 in Evocations
   115 | D        | Killed a troll
   115 | D        | Killed an ironbound convoker
   116 | D        | Reached skill level 12 in Unarmed Combat
   116 | D        | Reached XP level 10. HP: 59/109 MP: 10/17
   116 | D        | Killed a vampire mage
   116 | D        | Killed a red draconian scorcher
   117 | D        | Reached skill level 10 in Fighting
   117 | D        | Reached skill level 10 in Shields
   118 | D        | Killed an ironbound preserver
   121 | D        | Killed a white draconian stormcaller
   122 | D        | Reached skill level 13 in Unarmed Combat
   132 | D        | Entered arena 7.
   132 | D        | Noticed a shining eye
   133 | D        | Found a transporter.
   141 | D        | Gained mutation: Your spells are a little easier to cast,
                  | but a little less powerful. [a shining eye]
   146 | D        | Gained mutation: You have sharp toenails. [a shining eye]
   147 | D        | Killed a shining eye
   148 | D        | Reached skill level 1 in Armour
   152 | D        | Reached XP level 11. HP: 118/119 MP: 7/19
   152 | D        | Reached ****** piety under Cheibriados
   162 | D        | Entered arena 8.
   163 | D        | Found a transporter.
   181 | D        | Got Tonwus's Tome of Air
   186 | D        | Entered arena 9.
   186 | D        | Noticed a deep elf zephyrmancer
   186 | D        | Noticed a deep elf archer
   186 | D        | Noticed a deep elf knight
   186 | D        | Noticed a deep elf archer
   186 | D        | Noticed a deep elf zephyrmancer
   190 | D        | Found a transporter.
   193 | D        | Killed a deep elf archer
   202 | D        | Killed a deep elf knight
   202 | D        | Killed a deep elf archer
   204 | D        | Killed a deep elf zephyrmancer
   208 | D        | Killed a deep elf zephyrmancer
   224 | D        | Entered arena 10.
   224 | D        | Noticed a shining eye
   224 | D        | Noticed a shining eye
   224 | D        | Gained mutation: You tend to lose your temper in combat. [a
                  | shining eye]
   225 | D        | Found a transporter.
   225 | D        | Gained mutation: Your body sometimes deteriorates upon
                  | taking damage. [a shining eye]
   227 | D        | Reached skill level 14 in Unarmed Combat
   227 | D        | Gained mutation: You often lose your temper in combat. [a
                  | shining eye]
   228 | D        | Gained mutation: You have a pair of small antennae on your
                  | head. [a shining eye]
   229 | D        | Killed a shining eye
   232 | D        | Killed a shining eye
   249 | D        | Entered arena 11.
   249 | D        | Found the +5 robe of Misfortune {Harm *Corrode *Slow EV+5}
   250 | D        | Found a transporter.
   252 | D        | Reached skill level 1 in Earth Magic
   270 | D        | Learned a level 5 spell: Blade Hands
   271 | D        | Entered arena 12.
   271 | D        | Found the +5 robe of Night {Dark Will+ SInv}
   271 | D        | Noticed a thrashing horror
   272 | D        | Paralysed by an air elemental for 1 turns
   273 | D        | Killed a thrashing horror
   278 | D        | Found a transporter.
   285 | D        | Got Lonwinofyz's Handbook of Creation
   288 | D        | Got the ring "Wila" {EV+4 Str+3}
   297 | D        | Entered arena 13.
   298 | D        | Noticed a mummy priest
   304 | D        | Reached skill level 5 in Earth Magic
   305 | D        | Reached XP level 12. HP: 120/131 MP: 12/21
   306 | D        | Found a transporter.
   310 | D        | Killed a mummy priest
   311 | D        | Reached skill level 1 in Spellcasting
   328 | D        | Got the ring of Tinyafun {rF+ rC+ EV+4 Int+4}
   334 | D        | Entered arena 14.
   335 | D        | Noticed a deep elf master archer
   335 | D        | Noticed a centaur warrior
   335 | D        | Noticed a yaktaur captain
   335 | D        | Shot with an arrow by a deep elf master archer

Illustrated notes

Levels and vault maps discovered:
D:        sprint_v [room_start, room_1, room_2, room_3, room_4, room_5, room_6,
          room_7, room_8, room_9, room_10, room_11, room_12, room_13, room_14,
          room_15, room_16, room_17, room_18, room_19, room_20, room_21,
          room_22, room_23, room_24, room_25, room_26, room_27]

Skill      XL: |  1  2  3  4  5  6  7  8  9 10 11 12 |
---------------+-------------------------------------+-----
Unarmed Combat | 4 5 9 10 12 13 14 | 14.6
Invocations    | 3 4 8 9 10 12 13 | 13.5
Evocations     | 3 4 6 7 8 |  8.7
Fighting       | 3 7 8 9 10 11 | 11.7
Shields        | 3 7 8 9 10 | 10.6
Armour         | 1 4 |  4.9
Earth Magic    | 5 |  5.6
Transmutations | 4 |  4.6
Spellcasting   | 1 |  1.2
Dodging        | |  2.4

Action                   |  1- 3 |  4- 6 |  7- 9 | 10-12 || total
-------------------------+-------+-------+-------+-------++-------
Melee: Unarmed           |       |       |     3 |    51 ||    54
       Kick              |       |       |       |    16 ||    16
Invok: Slouch            |       |       |     3 |    11 ||    14
Evoke: Lightning rod     |     2 |       |     2 |       ||     4
       Wand              |       |     3 |     5 |     1 ||     9
       Tin of tremorston |       |       |       |     4 ||     4
       Phial of floods   |       |       |       |     2 ||     2
  Use: Potion            |     1 |       |     6 |     6 ||    13
 Stab: Invisible         |       |       |       |     1 ||     1
Armor: Gold dragon scale |       |       |     8 |    43 ||    51
Dodge: Dodged            |       |     1 |     2 |    17 ||    20
Block: Kite shield       |       |       |     7 |    31 ||    38
       Reflection        |       |       |       |     1 ||     1

Table legend: (Time is in decaauts)
 A = Elapsed time spent in this place.
 B = Non-inter-level travel time spent in this place.
 C = Inter-level travel time spent in this place.
 D = Time resting spent in this place.
 E = Time spent auto-exploring this place.
 F = Levels seen in this place.
 G = Mean time per level.
                   A        B        C        D        E       F      G
               +--------+--------+--------+--------+--------+-----+--------+
         Total |    450 |    450 |      0 |      0 |      0 |   1 |  450.0 |
       Dungeon |    450 |    450 |      0 |      0 |      0 |   1 |  450.0 |
               +--------+--------+--------+--------+--------+-----+--------+

Top non-repeatable levels by time:
       D: 450 daAuts
